[Event "Titled Tuesday Blitz June 07 Late 2022"]
[White "Barp, Alberto"]
[Black "Dounis, Alexandros"]
[WhiteFideId "872555"]
[BlackFideId "4213238"]
[WhiteElo "2229"]
[BlackElo "2204"]
[Result "0-1"]
[Round "08"]
[TimeControl "180+1"]
[Date "2022.06.07"]
[WhiteClock "0:01:03"]
[BlackClock "0:01:02"]

1. d4 Nf6 2. c4 g6 3. g3 c6 4. Bg2 d5 5. Nf3 Bg7 6. O-O O-O 7. Nc3 dxc4 8. e4 b5 9. Qe2 Bg4 10. h3 Bxf3 11. Bxf3 Qxd4 12. Rd1 Qb6 13. e5 Nfd7 14. e6 fxe6 15. Qxe6+ Kh8 16. Be3 Qb7 17. Bg2 Ne5 18. Bd4 Nbd7 19. f4 Rf6 20. Qxe7 Bf8 21. Qxf6+ Nxf6 22. Bxe5 Bg7 23. Rd6 Rf8 24. Rad1 b4 25. Ne2 Qb6+ 26. Kh2 Qf2 27. R1d2 Qe1 28. Rd8 Rxd8 29. Rxd8+ Ng8 30. Bxg7+ Kxg7 31. Nd4 Nf6 32. Rd6 Nh5 33. Ne6+ Kh6 34. g4 Qg3+ 35. Kh1 Nxf4 36. g5+ Kh5 0-1


[Site "https://www.chess.com"]

[Event "Titled Tuesday Blitz June 07 Late 2022"]
[White "Bjelobrk, Igor"]
[Black "Holt, Conrad"]
[WhiteFideId "4300726"]
[BlackFideId "2034387"]
[WhiteElo "2335"]
[BlackElo "2586"]
[Result "0-1"]
[Round "08"]
[TimeControl "180+1"]
[Date "2022.06.07"]
[WhiteClock "0:00:40"]
[BlackClock "0:00:09"]

1. Nf3 d5 2. c4 c6 3. g3 Bg4 4. Ne5 Be6 5. cxd5 Bxd5 6. Nf3 Bxf3 7. exf3 g6 8. d4 Bg7 9. Be3 Nh6 10. Bh3 Nf5 11. Bxf5 Qa5+ 12. Nc3 Qxf5 13. O-O O-O 14. Kg2 Na6 15. Qb3 Qd7 16. Rfd1 e6 17. h4 Nc7 18. h5 Nd5 19. hxg6 hxg6 20. Ne4 Rfd8 21. Nc5 Qe8 22. Rac1 Rab8 23. a3 Qe7 24. Rh1 Nxe3+ 25. fxe3 e5 26. dxe5 Rd2+ 27. Kh3 Qxe5 28. g4 Rxb2 29. Qd3 Qe7 30. Rhd1 Re8 31. Ne4 Be5 32. Rc2 Rxc2 33. Qxc2 Kg7 34. Kg2 Rh8 35. f4 Qh4 36. Kf3 Qh3+ 37. Ng3 Rh4 38. fxe5 Qxg4+ 39. Kg2 Rh3 40. Qf2 Rxg3+ 41. Qxg3 Qxd1 42. Qf4 Qd5+ 43. Kg3 Qe6 44. a4 b6 45. Qd4 c5 46. Qd6 Qxd6 47. exd6 Kf6 48. e4 Ke6 49. e5 a6 50. Kf4 b5 51. axb5 axb5 52. Ke4 b4 53. Kd3 g5 54. Kc4 g4 55. Kxc5 Kd7 56. Kxb4 g3 0-1


[Site "https://www.chess.com"]

[Event "Titled Tuesday Blitz June 07 Late 2022"]
[White "Bortnyk, Olexandr"]
[Black "Domingo Nunez, Ruben"]
[WhiteFideId "14120828"]
[BlackFideId "22245570"]
[WhiteElo "2723"]
[BlackElo "2376"]
[Result "1-0"]
[Round "08"]
[TimeControl "180+1"]
[Date "2022.06.07"]
[WhiteClock "0:00:35"]
[BlackClock "0:00:05"]

1. d4 d6 2. Nc3 g6 3. h4 Nf6 4. e4 Nc6 5. Bg5 Bg7 6. Qd2 h6 7. Bxf6 Bxf6 8. d5 Nd4 9. O-O-O c5 10. f4 Bg4 11. Re1 e5 12. dxe6 fxe6 13. Qf2 O-O 14. Qg3 h5 15. Bd3 c4 16. Bxc4 Rc8 17. Bb3 Qa5 18. e5 dxe5 19. fxe5 Bg7 20. Kb1 Bh6 21. Nh3 Kg7 22. Ng5 Nxb3 23. axb3 Rf5 24. Nxe6+ Kf7 25. Nd4 Bd2 26. e6+ Ke7 27. Nxf5+ Bxf5 28. Re5 Qb4 29. Nd5+ 1-0


[Site "https://www.chess.com"]

[Event "Titled Tuesday Blitz June 07 Late 2022"]
[White "Bringas Gomez, Artai"]
[Black "Dourerassou, Jonathan"]
[WhiteFideId "24534064"]
[BlackFideId "628050"]
[WhiteElo "1988"]
[BlackElo "2499"]
[Result "1-0"]
[Round "08"]
[TimeControl "180+1"]
[Date "2022.06.07"]
[WhiteClock "0:00:50"]
[BlackClock "0:02:11"]

1. d4 Nf6 2. c4 g6 3. Nc3 d5 4. cxd5 Nxd5 5. Bd2 Bg7 6. e4 Nb6 7. Be3 O-O 8. h4 Nc6 9. Nge2 Bg4 10. f3 Nc4 11. Bf2 Bd7 12. b3 Nb6 13. h5 a5 14. g4 a4 15. bxa4 Nb4 16. Rb1 Bxa4 17. Nxa4 Rxa4 18. Nc3 Nxa2 19. Nxa4 Nxa4 20. Qxa4 Nc3 21. Qb4 Nxb1 22. Qxb1 Bxd4 23. Be2 b6 24. h6 Bc3+ 25. Kf1 Qd2 26. Qd3 Ra8 27. Qxd2 Bxd2 28. Kg2 c5 29. Rd1 Ra2 30. Be3 c4 31. Rxd2 Rxd2 32. Bxd2 b5 33. Kf2 e5 34. Bb4 f6 35. Ke3 Kf7 36. Kd2 g5 37. Kc3 Kg6 38. Be7 Kxh6 39. Bxf6 Kg6 40. Bxe5 h5 41. gxh5+ Kxh5 42. Bg3 g4 43. f4 Kg6 44. Bxg4 Kf6 45. e5+ Ke7 46. f5 Kf7 47. Bh5+ Ke7 48. Bh4+ Kf8 49. e6 Kg7 50. Bg5 Kh7 51. e7 b4+ 52. Kd4 c3 53. e8=Q c2 54. Qf7+ Kh8 55. Bf6# 1-0


[Site "https://www.chess.com"]

[Event "Titled Tuesday Blitz June 07 Late 2022"]
[White "Chigaev, Maksim"]
[Black "Gurevich, Dmitry"]
[WhiteFideId "4108116"]
[BlackFideId "2000407"]
[WhiteElo "2457"]
[BlackElo "2506"]
[Result "1-0"]
[Round "08"]
[TimeControl "180+1"]
[Date "2022.06.07"]
[WhiteClock "0:00:46"]
[BlackClock "0:00:18"]

1. e4 c5 2. Nf3 d6 3. c3 Nf6 4. g3 g6 5. Bg2 Bg7 6. O-O O-O 7. Re1 e5 8. a4 Nc6 9. d3 h6 10. Na3 d5 11. exd5 Nxd5 12. Nc4 Re8 13. Nfd2 Kh7 14. Ne4 Bf8 15. a5 f5 16. Ned6 Nxc3 17. bxc3 Bxd6 18. a6 Rb8 19. axb7 Bxb7 20. Qa4 Rc8 21. Ba3 Bf8 22. Nxe5 Nxe5 23. Bxb7 Rc7 24. Bg2 Rd7 25. d4 cxd4 26. Bxf8 d3 27. Bc5 d2 28. Rf1 Nd3 29. Bd4 Re1 30. Qc2 1-0


[Site "https://www.chess.com"]

[Event "Titled Tuesday Blitz June 07 Late 2022"]
[White "Daggupati, Balaji"]
[Black "Tahbaz, Arash"]
[WhiteFideId "2090759"]
[BlackFideId "12528846"]
[WhiteElo "2722"]
[BlackElo "2389"]
[Result "0-1"]
[Round "08"]
[TimeControl "180+1"]
[Date "2022.06.07"]
[WhiteClock "0:00:02"]
[BlackClock "0:00:24"]

1. e4 g6 2. d4 Bg7 3. Nc3 d6 4. f4 Nf6 5. Nf3 Bg4 6. Be2 O-O 7. O-O Nc6 8. d5 Nb8 9. h3 Bxf3 10. Bxf3 c6 11. Be3 cxd5 12. exd5 Nbd7 13. Bd4 a6 14. a4 Qc7 15. Re1 Rfe8 16. Qd2 Nb6 17. Qd3 Nfd7 18. a5 Nc4 19. Bxg7 Kxg7 20. b3 Nxa5 21. Qd4+ Kg8 22. Qb4 b6 23. Re2 Nb7 24. Rae1 Nf6 25. Qd4 Rac8 26. Na4 b5 27. Nb2 Kf8 28. Nd3 Qc3 29. Qb6 Nc5 30. Nf2 Qd4 31. Qa7 Nxb3 32. Qxa6 Nd2 33. Bg4 Nxg4 34. hxg4 Rxc2 35. Qxb5 Rc7 36. Rd1 Qc4 37. Qa5 Qxe2 38. Rxd2 Rc1+ 39. Kh2 Qe3 40. Nd3 Qd4 41. Nxc1 Qxf4+ 42. Kg1 Qxg4 43. Qc3 Kg8 44. Qd3 Qg5 45. Ne2 Ra8 46. Rd1 Ra4 47. Qb5 Rg4 48. g3 Qe3+ 49. Kg2 Qe4+ 50. Kf2 Rg5 51. Qd3 Rf5+ 52. Kg1 Qg4 53. Qe3 Re5 54. Qf4 Qxe2 55. Rf1 Qe3+ 0-1


[Site "https://www.chess.com"]

[Event "Titled Tuesday Blitz June 07 Late 2022"]
[White "Flores Quillas, Diego Saul Rodri"]
[Black "Bryakin, Mikhail"]
[WhiteFideId "3822508"]
[BlackFideId "4165314"]
[WhiteElo "2167"]
[BlackElo "2417"]
[Result "0-1"]
[Round "08"]
[TimeControl "180+1"]
[Date "2022.06.07"]
[WhiteClock "0:00:25"]
[BlackClock "0:01:35"]

1. e4 c5 2. Nf3 d6 3. d4 cxd4 4. Nxd4 Nf6 5. Nc3 a6 6. Bg5 e5 7. Nb3 Be7 8. a4 Be6 9. Bxf6 Bxf6 10. Nd5 Bg5 11. Be2 O-O 12. O-O Nc6 13. c3 Ne7 14. Bc4 Rc8 15. Nxe7+ Qxe7 16. Bd5 Kh8 17. Qd3 f5 18. Rfd1 Rcd8 19. Na5 fxe4 20. Qxe4 Bf5 21. Qe2 Rd7 22. Nc4 Bf4 23. g3 Bh6 24. Ne3 Be6 25. Rd2 Bxd5 26. Nxd5 Qe6 27. Rd3 Rdf7 28. Rf1 e4 29. Rd4 e3 30. f4 g5 31. Qxe3 Qxe3+ 32. Nxe3 gxf4 33. Ng4 Bg5 34. Rxd6 fxg3 35. Rxf7 gxh2+ 36. Kxh2 Rxf7 37. Rd5 Bf4+ 38. Kh3 Kg7 39. b4 Rc7 40. Rd3 Kg6 41. Nf2 Kf5 42. Rd5+ Ke6 43. Rd3 Be5 44. Nd1 Rd7 45. Rxd7 Kxd7 46. Kg4 Ke6 47. c4 Bd4 48. Kf3 Ke5 49. Ne3 Bxe3 50. Kxe3 h5 51. c5 Kd5 0-1


[Site "https://www.chess.com"]

[Event "Titled Tuesday Blitz June 07 Late 2022"]
[White "Golubovskis, Maksims"]
[Black "Leiva, Gianmarco"]
[WhiteFideId "11608528"]
[BlackFideId "3804399"]
[WhiteElo "2102"]
[BlackElo "2323"]
[Result "0-1"]
[Round "08"]
[TimeControl "180+1"]
[Date "2022.06.07"]
[WhiteClock "0:00:04"]
[BlackClock "0:00:37"]

1. e4 c5 2. Nf3 d6 3. d4 cxd4 4. Nxd4 Nf6 5. Nc3 a6 6. h3 e5 7. Nde2 h5 8. g3 Be6 9. Bg5 Be7 10. Bg2 b5 11. O-O Nbd7 12. Qd2 b4 13. Nd5 Nxd5 14. exd5 Bxg5 15. f4 Bxh3 16. Bxh3 exf4 17. gxf4 Bf6 18. Qxb4 Qb6+ 19. Qxb6 Nxb6 20. Rab1 Rb8 21. Ng3 Nxd5 22. Ne4 Bd4+ 23. Kh1 Ne3 24. Nxd6+ Ke7 25. Nf5+ Nxf5 26. Bxf5 Kf6 27. Bd3 Bxb2 28. Bxa6 Rb4 29. Bd3 Ra8 30. Rf2 Rd8 31. Kg2 Rdd4 32. f5 Rg4+ 33. Kf3 Rgf4+ 34. Kg3 Rxf2 35. Rxb2 Rxb2 36. Kxf2 Rxa2 0-1


[Site "https://www.chess.com"]

[Event "Titled Tuesday Blitz June 07 Late 2022"]
[White "Grigoriants, Sergey"]
[Black "Dubov, Daniil"]
[WhiteFideId "4130804"]
[BlackFideId "24126055"]
[WhiteElo "2502"]
[BlackElo "2791"]
[Result "0-1"]
[Round "08"]
[TimeControl "180+1"]
[Date "2022.06.07"]
[WhiteClock "0:00:11"]
[BlackClock "0:00:21"]

1. e4 e5 2. Nf3 Nc6 3. Bb5 a6 4. Ba4 Nf6 5. O-O Be7 6. d3 b5 7. Bb3 O-O 8. a3 d6 9. Nc3 Rb8 10. h3 h6 11. Nd5 Re8 12. Bd2 Bf8 13. a4 Nxd5 14. Bxd5 Ne7 15. Bb3 Ng6 16. axb5 axb5 17. Ra7 Be6 18. Ba5 Rc8 19. Bxe6 Rxe6 20. g3 Qd7 21. Kh2 Ne7 22. Bd2 Nc6 23. Ra6 d5 24. c3 Rd8 25. Kg2 Rd6 26. Qe2 Qc8 27. Raa1 d4 28. Rfd1 dxc3 29. Bxc3 Qe6 30. Qe3 b4 31. Be1 Nd4 32. Nxd4 Rxd4 33. Qe2 Qb3 34. Ra7 c5 35. Qh5 f6 36. Qg4 Kh8 37. Rf7 Qxf7 0-1


[Site "https://www.chess.com"]

[Event "Titled Tuesday Blitz June 07 Late 2022"]
[White "Hansen, Eric"]
[Black "Rychagov, Andrey"]
[WhiteFideId "2606771"]
[BlackFideId "4119932"]
[WhiteElo "2568"]
[BlackElo "2460"]
[Result "1-0"]
[Round "08"]
[TimeControl "180+1"]
[Date "2022.06.07"]
[WhiteClock "0:00:17"]
[BlackClock "0:00:05"]

1. e4 e6 2. d4 d5 3. Nd2 c5 4. exd5 exd5 5. Ngf3 Nc6 6. Be2 Bd6 7. O-O Nge7 8. dxc5 Bxc5 9. Nb3 Bd6 10. h3 O-O 11. c3 Ng6 12. Re1 Re8 13. Bg5 Nce7 14. Nbd4 h6 15. Be3 Nf5 16. Nxf5 Bxf5 17. Nd4 Bd7 18. Nb5 Bxb5 19. Bxb5 Re6 20. g3 Bc7 21. Bf1 Bb6 22. Bxb6 Qxb6 23. Qb3 Ne5 24. Qxb6 Nf3+ 25. Kh1 Rxb6 26. Re2 d4 27. Bg2 d3 28. Re3 Ng5 29. b3 Rd8 30. Rd1 d2 31. Re2 Rd3 32. c4 Rbd6 33. h4 Ne6 34. Bxb7 a5 35. Bd5 Nc5 36. Kg2 Kf8 37. Rdxd2 Rxd2 38. Rxd2 Ne4 39. Rc2 f5 40. Bxe4 fxe4 41. c5 Rc6 42. a3 Ke7 43. Rc4 Kd7 44. b4 1-0


[Site "https://www.chess.com"]

[Event "Titled Tuesday Blitz June 07 Late 2022"]
[White "Ibarra Jerez, Jose Carlos"]
[Black "Tarigan, Gilbert Elroy"]
[WhiteFideId "2226332"]
[BlackFideId "7108133"]
[WhiteElo "2628"]
[BlackElo "1908"]
[Result "0-1"]
[Round "08"]
[TimeControl "180+1"]
[Date "2022.06.07"]
[WhiteClock "0:00:03"]
[BlackClock "0:00:06"]

1. e4 e5 2. Nf3 Nc6 3. Bb5 a6 4. Bxc6 dxc6 5. O-O Ne7 6. Nxe5 Qd4 7. Qh5 g6 8. Qg5 Bg7 9. Nd3 f5 10. e5 h6 11. Qe3 Qxe3 12. dxe3 b6 13. b3 c5 14. Bb2 Be6 15. Nd2 Kf7 16. e4 Rad8 17. Rae1 Nc6 18. exf5 gxf5 19. Nf3 Nb4 20. Nxb4 cxb4 21. Rd1 c5 22. Rfe1 a5 23. g3 a4 24. Nh4 b5 25. Ng2 c4 26. Nf4 c3 27. Bc1 Rxd1 28. Rxd1 Bxe5 29. Nxe6 Kxe6 30. Re1 Kd5 31. Rd1+ Kc6 32. Be3 h5 33. Kg2 Ra8 34. Kh3 axb3 35. axb3 Ra2 36. Rc1 Bf6 37. Kg2 Kd5 38. Kf3 Be5 39. Ke2 Ke6 40. Kd3 Ra8 41. Re1 Kd5 42. Bc5 Kxc5 43. Rxe5+ Kb6 44. Rxf5 Rd8+ 45. Ke3 Rd2 46. Rf6+ Kc5 47. Rf5+ Kb6 48. Rf4 Kc5 49. Rh4 Rxc2 50. Rxh5+ Kb6 51. Rh6+ Kc5 52. Rh8 Rb2 53. Rc8+ Kb6 54. h4 Rxb3 55. h5 Rb1 56. g4 Rh1 57. f4 Kb7 58. Rc5 Kb6 59. Rc8 b3 60. Rxc3 b2 61. Rb3 Rh3+ 62. Ke4 Rxb3 0-1


[Site "https://www.chess.com"]

[Event "Titled Tuesday Blitz June 07 Late 2022"]
[White "Ivanisevic, Ivan"]
[Black "Nazaretyan, Tigran"]
[WhiteFideId "912417"]
[BlackFideId "24162345"]
[WhiteElo "2535"]
[BlackElo "2179"]
[Result "1/2-1/2"]
[Round "08"]
[TimeControl "180+1"]
[Date "2022.06.07"]
[WhiteClock "0:00:04"]
[BlackClock "0:00:24"]

1. e4 c5 2. Nc3 Nc6 3. f4 g6 4. Nf3 Bg7 5. a3 e6 6. b4 d6 7. bxc5 dxc5 8. e5 Nge7 9. Ne4 O-O 10. Bb2 b6 11. Bd3 Bb7 12. O-O Nd4 13. Nxd4 cxd4 14. Nd6 Bc6 15. Bxd4 Nc8 16. Bc3 Nxd6 17. exd6 Bxc3 18. dxc3 Qxd6 19. Qd2 Rfd8 20. c4 Qc5+ 21. Rf2 Rd4 22. Qb4 Qd6 23. Re1 Rd8 24. h4 Qc7 25. g3 h5 26. Re5 Bb7 27. Qe1 Qc6 28. Kh2 Kg7 29. Rg5 Qd6 30. Qe5+ Qxe5 31. fxe5 Ba6 32. Rf6 Rxd3 33. cxd3 Rxd3 34. g4 hxg4 35. h5 Rh3+ 36. Kg2 Rxh5 37. Rxh5 gxh5 38. Kg3 Bxc4 39. Kh4 Be2 40. Rf2 Bf3 41. Kxh5 f6 42. exf6+ Kxf6 43. Kh4 Kf5 44. Kg3 e5 45. Rc2 e4 46. Rc7 e3 47. Rxa7 e2 48. Re7 Kf6 49. Re3 b5 50. Re8 Kf5 51. Re3 Kf6 52. Kf4 Kf7 53. Kg5 Kg7 54. Kf4 Kf6 55. Kg3 Kf5 56. Re7 Kg5 57. Re5+ Kf6 58. Re3 Kf5 59. Re8 Kg5 60. Re3 Kf6 1/2-1/2


[Site "https://www.chess.com"]

[Event "Titled Tuesday Blitz June 07 Late 2022"]
[White "Jaracz, Pawel"]
[Black "Moroni, Luca Jr"]
[WhiteFideId "1102222"]
[BlackFideId "865834"]
[WhiteElo "2459"]
[BlackElo "2573"]
[Result "0-1"]
[Round "08"]
[TimeControl "180+1"]
[Date "2022.06.07"]
[WhiteClock "0:00:06"]
[BlackClock "0:00:15"]

1. e4 d6 2. d4 e5 3. dxe5 dxe5 4. Qxd8+ Kxd8 5. Nf3 f6 6. Be3 Be6 7. Nbd2 c6 8. Bc4 Bxc4 9. Nxc4 Nd7 10. Ke2 Kc7 11. Rhd1 b5 12. Na5 Nc5 13. Nd2 Na4 14. Rab1 Bb4 15. Ndb3 Ne7 16. a3 Bxa5 17. Nxa5 Rhd8 18. Rxd8 Rxd8 19. c4 a6 20. Bd2 Nc5 21. f3 Ne6 22. Rc1 Nd4+ 23. Ke1 Kb6 24. b4 f5 25. Be3 c5 26. exf5 Nexf5 27. Bf2 Rc8 28. cxb5 Kxb5 29. g4 Nxf3+ 30. Ke2 N5d4+ 31. Kd3 c4+ 32. Nxc4 e4+ 33. Kxe4 Rxc4 34. Rxc4 Kxc4 35. a4 Nd2+ 36. Ke5 Nc6+ 37. Ke6 Nxb4 38. Kf7 g5 39. Kg7 Nf3 40. Bg3 Nd5 41. Kxh7 Nf6+ 42. Kg6 Nxg4 43. Kf5 Ngxh2 44. a5 Kb5 45. Bc7 Nf1 46. Kg4 N1d2 47. Bd8 Ne5+ 48. Kxg5 Nf7+ 49. Kf5 Nxd8 0-1


[Site "https://www.chess.com"]

[Event "Titled Tuesday Blitz June 07 Late 2022"]
[White "Korchmar, Vasiliy"]
[Black "Bluebaum, Matthias"]
[WhiteFideId "24131750"]
[BlackFideId "24651516"]
[WhiteElo "2370"]
[BlackElo "2556"]
[Result "0-1"]
[Round "08"]
[TimeControl "180+1"]
[Date "2022.06.07"]
[WhiteClock "0:00:04"]
[BlackClock "0:00:09"]

1. e4 c6 2. d4 d5 3. e5 Bf5 4. c4 e6 5. Nc3 Bb4 6. Ne2 Ne7 7. Ng3 O-O 8. Bd3 dxc4 9. Bxc4 c5 10. Nxf5 Nxf5 11. d5 exd5 12. Qxd5 Nc6 13. O-O Qxd5 14. Bxd5 Rad8 15. Bxc6 bxc6 16. Ne4 Rd4 17. f3 Re8 18. Bf4 Ba5 19. Rac1 Bc7 20. g4 Nh4 21. Bg3 Ng6 22. Nd6 Rb8 23. b3 Rd2 24. Rf2 Rd3 25. f4 Ne7 26. f5 Nd5 27. Nc4 Re8 28. Re1 Rd4 29. h3 f6 30. Kg2 Rd3 31. Rfe2 h5 32. Bh2 hxg4 33. hxg4 fxe5 34. Bxe5 Bxe5 35. Nxe5 Nf4+ 36. Kf2 Rd5 37. Re3 Rdxe5 38. Rxe5 Rxe5 39. Rxe5 Nd3+ 40. Ke3 Nxe5 41. g5 Kf7 42. Ke4 Nd7 43. Kd3 Nb6 44. Kc3 Nd5+ 45. Kc4 Ne3+ 46. Kxc5 Nxf5 47. Kxc6 Kg6 48. b4 Kxg5 49. b5 Nd4+ 50. Kc5 Nxb5 51. Kxb5 Kf5 52. Ka6 g5 53. Kxa7 g4 54. a4 g3 55. a5 g2 56. a6 g1=Q+ 57. Kb7 Qg2+ 58. Kb8 Qg3+ 59. Kb7 Qf3+ 60. Kb8 Qf4+ 61. Kb7 Qe4+ 62. Kb8 Qe5+ 63. Kb7 Qb5+ 64. Ka7 Ke6 0-1


[Site "https://www.chess.com"]

[Event "Titled Tuesday Blitz June 07 Late 2022"]
[White "Larino Nieto, David"]
[Black "Mikhalsky, Vladimir"]
[WhiteFideId "2256444"]
[BlackFideId "14144352"]
[WhiteElo "2532"]
[BlackElo "2301"]
[Result "1-0"]
[Round "08"]
[TimeControl "180+1"]
[Date "2022.06.07"]
[WhiteClock "0:01:07"]
[BlackClock "0:00:10"]

1. e4 g6 2. Nc3 Bg7 3. g3 c5 4. Bg2 Nc6 5. d3 d6 6. f4 e6 7. Nf3 Nge7 8. O-O Nd4 9. Be3 f5 10. e5 Nec6 11. Bf2 O-O 12. Re1 dxe5 13. Nxe5 Nxe5 14. fxe5 Bd7 15. Ne2 Bxe5 16. c3 Nxe2+ 17. Qxe2 Bf6 18. Bxc5 Re8 19. d4 Bc6 20. Bxc6 bxc6 21. a4 a6 22. Rad1 Qd5 23. c4 Qd7 24. b4 Kg7 25. Qf3 Rad8 26. Kg2 g5 27. h3 Qf7 28. g4 Qd7 29. Rf1 f4 30. h4 h6 31. h5 Rc8 32. Qe4 Qf7 33. Rfe1 Bd8 34. Bd6 Bc7 35. Be5+ Bxe5 36. dxe5 Red8 37. Rd6 c5 38. Red1 Rxd6 39. exd6 f3+ 40. Qxf3 Qxf3+ 41. Kxf3 cxb4 42. c5 b3 43. d7 Rf8+ 44. Ke3 b2 45. c6 Rb8 46. Rb1 Kf7 47. c7 Rb3+ 48. Kd2 Rb7 49. c8=Q 1-0


[Site "https://www.chess.com"]

[Event "Titled Tuesday Blitz June 07 Late 2022"]
[White "Le Goff, Ronan"]
[Black "Gomez Ledo, Roberto Carlos"]
[WhiteFideId "612073"]
[BlackFideId "3507076"]
[WhiteElo "2276"]
[BlackElo "2379"]
[Result "1/2-1/2"]
[Round "08"]
[TimeControl "180+1"]
[Date "2022.06.07"]
[WhiteClock "0:00:27"]
[BlackClock "0:00:14"]

1. d4 Nf6 2. Nf3 d5 3. Bf4 e6 4. e3 Bd6 5. Bg3 O-O 6. Nbd2 Qe7 7. c4 Nc6 8. Be2 Bxg3 9. hxg3 e5 10. cxd5 Nxd5 11. e4 Nf6 12. d5 Nd4 13. a3 c6 14. dxc6 Nxc6 15. Rc1 h6 16. Qc2 Bg4 17. Bb5 Rac8 18. Bxc6 Rxc6 19. Qb1 Rxc1+ 20. Qxc1 Rc8 21. Qb1 Bxf3 22. gxf3 Qc5 23. O-O Qc2 24. Qxc2 Rxc2 25. Rd1 b5 26. b3 Nd7 27. Nf1 Nc5 28. Rd5 Nxb3 29. Rxb5 Nd4 30. Rb8+ Kh7 31. Kg2 Rc3 32. Ne3 Rxa3 33. Rb7 f6 34. Nf5 Nxf5 35. exf5 a5 36. Ra7 h5 37. Kg1 Kh6 38. Kg2 g6 39. fxg6 Kxg6 40. Ra8 Ra1 41. Rg8+ Kh7 42. Rf8 Kg7 43. Ra8 a4 44. Ra7+ Kg6 45. Ra6 a3 46. Ra5 Kf7 47. Ra6 Ke7 48. Ra7+ Ke6 49. Ra6+ Ke7 50. Ra7+ Kf8 51. Ra6 Kg7 52. Ra7+ Kg6 53. Ra6 a2 54. Ra7 f5 55. Ra6+ Kf7 56. Ra5 Kf6 57. Ra6+ Ke7 58. Ra5 Kd6 59. Ra6+ Kc5 60. Ra8 e4 61. fxe4 fxe4 62. Ra5+ Kd4 63. Ra8 Kd3 64. Rd8+ Ke2 65. Ra8 Kd2 66. Rd8+ Kc3 67. Rc8+ Kd2 68. Rd8+ Ke2 69. Ra8 e3 70. fxe3 Kxe3 71. Re8+ Kd4 72. Rd8+ Ke5 73. Re8+ Kf5 74. Ra8 Kg4 75. Ra4+ Kf5 76. Ra5+ Ke6 77. Ra6+ Kd7 78. Ra8 Kc7 79. Ra3 Kb7 80. Ra4 Kb6 81. Ra3 Kb5 82. Ra8 Kb4 83. Rb8+ Kc3 84. Rc8+ Kb3 85. Rb8+ Kc3 86. Rc8+ Kb3 87. Rb8+ Kc3 1/2-1/2


[Site "https://www.chess.com"]

[Event "Titled Tuesday Blitz June 07 Late 2022"]
[White "Licznerski, Lukasz"]
[Black "Jocev, Milan"]
[WhiteFideId "1179250"]
[BlackFideId "900680"]
[WhiteElo "2387"]
[BlackElo "2322"]
[Result "1-0"]
[Round "08"]
[TimeControl "180+1"]
[Date "2022.06.07"]
[WhiteClock "0:00:10"]
[BlackClock "0:00:13"]

1. e4 Nf6 2. e5 Nd5 3. d4 d6 4. c4 Nb6 5. exd6 cxd6 6. Nc3 g6 7. Be3 Bg7 8. Rc1 O-O 9. b3 Nc6 10. d5 Ne5 11. Be2 f5 12. f4 Ng4 13. Bxg4 fxg4 14. Nge2 e6 15. dxe6 Bxe6 16. O-O Rc8 17. Qd2 Re8 18. Bd4 Bxd4+ 19. Nxd4 Bf7 20. Nce2 Rc5 21. f5 d5 22. fxg6 Bxg6 23. Nf4 dxc4 24. Nxg6 hxg6 25. Qf4 Qe7 26. Rce1 Qxe1 27. Qf7+ Kh8 28. Rxe1 Rxe1+ 29. Kf2 Rce5 30. bxc4 R1e4 31. Qxg6 Nxc4 32. Qf6+ Kg8 33. Qd8+ Kg7 34. Qc7+ Kg6 35. Qxc4 Rf5+ 36. Kg3 Re3+ 37. Kxg4 Re4+ 38. Kg3 Rff4 39. Qg8+ Kf6 40. Nf3 b5 41. h4 b4 42. Qg5+ Ke6 43. Qa5 Rg4+ 44. Kh3 Ref4 45. Qxa7 Kd5 46. Qb6 Kc4 47. Qc6+ Kd3 48. Ne5+ 1-0


[Site "https://www.chess.com"]

[Event "Titled Tuesday Blitz June 07 Late 2022"]
[White "Livaic, Leon"]
[Black "Sjugirov, Sanan"]
[WhiteFideId "14531534"]
[BlackFideId "4189302"]
[WhiteElo "2540"]
[BlackElo "2602"]
[Result "1-0"]
[Round "08"]
[TimeControl "180+1"]
[Date "2022.06.07"]
[WhiteClock "0:00:13"]
[BlackClock "0:00:01"]

1. d4 Nf6 2. c4 e6 3. Nf3 c5 4. d5 exd5 5. cxd5 d6 6. Nc3 g6 7. e4 a6 8. Bg5 Bg7 9. Nd2 b5 10. Qc2 O-O 11. a4 b4 12. Nd1 h6 13. Bh4 g5 14. Bg3 Nh5 15. Ne3 Nxg3 16. hxg3 Nd7 17. Nf5 Qf6 18. Nc4 Ne5 19. Ncxd6 c4 20. Be2 b3 21. Qd2 Bxf5 22. Nxf5 Nd3+ 23. Bxd3 cxd3 24. Qxd3 Qxb2 25. O-O Rab8 26. Rab1 Qc2 27. Qxa6 b2 28. Nxg7 Kxg7 29. e5 Rfc8 30. Qf6+ Kg8 31. e6 Qg6 32. Qxg6+ fxg6 33. d6 Rc6 34. Rfd1 Kf8 35. e7+ Ke8 36. Rxb2 Rxb2 37. d7+ 1-0


[Site "https://www.chess.com"]

[Event "Titled Tuesday Blitz June 07 Late 2022"]
[White "Makaraci, Tunahan"]
[Black "Rohl Montes, Juan Armando"]
[WhiteFideId "6356559"]
[BlackFideId "3900487"]
[WhiteElo "1883"]
[BlackElo "2359"]
[Result "0-1"]
[Round "08"]
[TimeControl "180+1"]
[Date "2022.06.07"]
[WhiteClock "0:00:02"]
[BlackClock "0:00:15"]

1. e4 e5 2. Nc3 Nf6 3. f4 d5 4. fxe5 Nxe4 5. Qf3 f5 6. d3 Nxc3 7. bxc3 Nc6 8. d4 Be7 9. Nh3 O-O 10. Nf4 Qe8 11. Nxd5 Bd8 12. Ba3 Rf7 13. Bc4 Na5 14. Bd3 Qc6 15. Bb4 Nc4 16. Nf6+ gxf6 17. Qxc6 bxc6 18. Bxc4 Kg7 19. Bxf7 Kxf7 20. Kf2 Be6 21. g3 fxe5 22. dxe5 Bd5 23. Rhe1 Ke6 24. Bc5 Bg5 25. Be3 Be7 26. Rab1 a5 27. a4 h5 28. Rb7 h4 29. Rxc7 hxg3+ 30. hxg3 Rh8 31. Rxe7+ Kxe7 32. Bb6 Rh2+ 33. Ke3 Rxc2 34. Bxa5 Rg2 35. Bb4+ Ke6 36. Kf4 Rf2+ 37. Kg5 f4 38. gxf4 Rg2+ 39. Kh4 Kf5 40. a5 Rg4+ 41. Kh3 Rg7 42. Bc5 Kxf4 43. Rf1+ Bf3 44. Rxf3+ Kxf3 45. Kh4 Ke4 46. e6 Kd5 47. e7 Rg8 48. Bb4 c5 49. Ba3 Re8 50. Kg5 Rxe7 51. Kf6 Ra7 0-1


[Site "https://www.chess.com"]

[Event "Titled Tuesday Blitz June 07 Late 2022"]
[White "Maltsevskaya, Aleksandra"]
[Black "Garcia, Gabriel Gonzaga"]
[WhiteFideId "24174041"]
[BlackFideId "2138956"]
[WhiteElo "2243"]
[BlackElo "2240"]
[Result "1-0"]
[Round "08"]
[TimeControl "180+1"]
[Date "2022.06.07"]
[WhiteClock "0:02:07"]
[BlackClock "0:01:37"]

1. e4 c6 2. Nc3 d5 3. Nf3 dxe4 4. Nxe4 Nf6 5. Qe2 Bf5 6. d3 e6 7. g3 Nbd7 8. Bg2 Be7 9. O-O O-O 10. a3 h6 11. Rd1 Bh7 12. b4 Nxe4 13. dxe4 Bf6 14. Rb1 Qc7 15. Bf4 Ne5 16. h4 Nxf3+ 17. Bxf3 Be5 18. Be3 Rfd8 19. Rxd8+ Rxd8 20. Rd1 Rxd1+ 21. Qxd1 b6 22. h5 Qd6 23. Qe2 Bd4 24. Qd3 Be5 25. Qa6 Bxg3 26. Qc8+ 1-0


[Site "https://www.chess.com"]

[Event "Titled Tuesday Blitz June 07 Late 2022"]
[White "Moussard, Jules"]
[Black "Bok, Benjamin"]
[WhiteFideId "642908"]
[BlackFideId "1017063"]
[WhiteElo "2589"]
[BlackElo "2658"]
[Result "1-0"]
[Round "08"]
[TimeControl "180+1"]
[Date "2022.06.07"]
[WhiteClock "0:01:06"]
[BlackClock "0:00:04"]

1. f4 d5 2. Nf3 g6 3. g3 Bg7 4. Bg2 b6 5. O-O Bb7 6. d3 Nf6 7. e4 dxe4 8. Ng5 O-O 9. Nc3 Nc6 10. dxe4 e5 11. f5 Nd4 12. g4 Qe7 13. h3 Rad8 14. Bd2 h6 15. Nf3 Nxe4 16. Nxe4 Bxe4 17. Nxd4 Bxg2 18. Kxg2 Rxd4 19. Qe2 gxf5 20. Rxf5 Qe6 21. Be3 Rd7 22. Raf1 Rfd8 23. g5 hxg5 24. Rxg5 f6 25. Rg6 Qc6+ 26. Kh2 Qe4 27. Rfg1 Rd2 28. Rxg7+ Kf8 29. Qxd2 Rxd2+ 30. Bxd2 Qxc2 31. R1g2 Qc4 32. Bh6 Ke8 33. Rh7 a5 34. b3 Qd5 35. Rxc7 e4 36. Bf4 e3 37. Rc3 e2 38. Re3+ Kf7 39. Rgxe2 Qd4 40. Bg3 a4 41. bxa4 Qxa4 42. Rf3 Kg6 43. Ref2 f5 44. Rxf5 b5 45. Rf6+ Kg7 46. Be5 Kg8 47. Rg2+ Kh7 48. Rf7+ Kh6 49. Bf4+ 1-0


[Site "https://www.chess.com"]